 Dungeon Crawl Stone Soup version 0.17-a0-477-g451446c (webtiles) character file.

94 krae the Insei (level 4, -6/42 HPs)
             Began as an Octopode Transmuter on Apr 7, 2015.
             Mangled by a gnoll
             ... wielding a +1 dagger of chaos
              (11 damage)
             ... on level 4 of the Dungeon.
             The game lasted 00:09:46 (2372 turns).

krae the Insei (Octopode Transmuter)                Turns: 2372, Time: 00:09:46

Health: -6/42      AC: 22    Str:  9    XL:     4   Next: 63%
Magic:  7/7        EV:  2    Int: 15    God:
Gold:   90         SH:  0    Dex: 13    Spells: 2 memorised, 4 levels left

rFire  . . .     SeeInvis .     f - -3 hunting sling (curse)
rCold  . . .     Clarity  .     (no shield)
rNeg   + + +     SustAb   .     (helmet currently unavailable)
rPois  +         Gourm    .     (no amulet)
rElec  .         Spirit   .     (no ring)
rCorr  .         Warding  .     (no ring)
rMut   .         NoTele   +     (no ring)
MR     .....                    (no ring)
Stlth  +.........               (no ring)
                                (no ring)
                                (no ring)
                                (no ring)

@: tree-form, drained, not resistant to hostile enchantments, very unstealthy
A: almost no armour, amphibious, 8 rings, (constrict 8), (camouflage 0),
(gelatinous body 0)
a: no special abilities


You were on level 4 of the Dungeon.
You were not hungry.
You were a tree.
You visited 1 branch of the dungeon, and saw 4 of its levels.

You collected 90 gold pieces.


Innate Abilities, Weirdness & Mutations

You cannot wear most types of armour.
You are amphibious.
You can wear up to eight rings at the same time.
((You can use your tentacles to constrict eight enemies at once.))
((Your skin changes colour to match your surroundings (Stealth).))
((Your rubbery body absorbs attacks (AC +1).))


   Skills:
 - Level 1.0(0.9) Fighting
 - Level 2.0(1.9) Dodging
 + Level 4.4 Unarmed Combat
 - Level 2.0(1.9) Spellcasting
 + Level 3.3(3.2) Transmutations


You had 4 spell levels left.
You knew the following spells:

 Your Spells              Type           Power        Failure   Level  Hunger
z - Beastly Appendage     Trmt           ##....       8%          1    ##.....
Z - Sticks to Snakes      Trmt           ##........   12%         2    ###....

Inventory:

Hand weapons
 f - a cursed -3 hunting sling (weapon)
Missiles
 b - 23 arrows
Potions
 c - a potion of poison {unknown}
 e - a potion of brilliance {unknown}
 g - a potion of lignification {!q}
 j - 2 potions of cancellation
 n - a potion of heal wounds {@q2}
Books
 d - a book of Changes
Comestibles
 a - 2 bread rations
 o - a beef jerky

Dungeon Overview and Level Annotations

Branches:
Dungeon (4/15)
 Temple: D:4-7

Altars:

Annotations:
D:3 Somebody's ghost, average NaTm

## . .. ...#.
..... #..###
...##....#####
#£.....<.(gb#
####..#.###♣#
#. #.# #.....#
# #.# #.....#
#/# #...).#
#.# #.....#
#.# #.....#
#.# ###.###
#.# .#


You could see a gnoll and a bat.


Message History

The gnoll hits you but does no damage. The bat hits you but does no damage.
You clumsily bash the gnoll but do no damage.
The bat hits you but does no damage. x2
The gnoll hits you but does no damage. The bat hits you but does no damage.
The gnoll hits you but does no damage.
You barely miss the gnoll. The bat hits you but does no damage.
The gnoll hits you but does no damage. The bat hits you but does no damage.
You clumsily bash the gnoll but do no damage.
The bat hits you but does no damage. x2
The gnoll hits you but does no damage. x2
You clumsily bash the gnoll but do no damage.
The bat hits you but does no damage. The bat hits you.
* * * LOW HITPOINT WARNING * * *
The gnoll hits you but does no damage. The bat hits you but does no damage.
You clumsily bash the gnoll but do no damage.
The bat hits you but does no damage. The gnoll hits you but does no damage.
The bat hits you but does no damage. The gnoll hits you but does no damage.
You are electrocuted!
* * * LOW HITPOINT WARNING * * *
You closely miss the bat. The bat hits you but does no damage.
The bat hits you.
* * * LOW HITPOINT WARNING * * *
The bat hits you but does no damage. The gnoll hits you but does no damage.
The bat hits you but does no damage.
You miss the bat. The bat hits you but does no damage.
The bat hits you but does no damage.
The gnoll hits you with a dagger of chaos.
* * * LOW HITPOINT WARNING * * *
You are electrocuted!
You die...

Action                   |  1- 3 |  4- 6 || total
-------------------------+-------+-------++-------
Melee: Unarmed           |    98 |    25 ||   123
       Hunting sling     |       |    14 ||    14
 Fire: Hunting sling     |       |    41 ||    41
 Cast: Beastly Appendage |    10 |     2 ||    12
       Sticks to Snakes  |     1 |     8 ||     9
  Use: Scroll            |     3 |     7 ||    10
       Potion            |     2 |     2 ||     4
 Stab: Sleeping          |     6 |     1 ||     7
  Eat: Chunk             |     2 |     2 ||     4
       Pizza             |       |     1 ||     1

Vault maps used:
D:1:      ncdulo_smallfort, serial_forest, infiniplex_forest_split,
          infiniplex_forest_clump_double, infiniplex_forest_clump_medium,
          infiniplex_forest_clump_cross, infiniplex_forest_zigzag_2,
          infiniplex_forest_clump_large, hangedman_abyss_or_decor_lesser_grid
D:2:      tgw_xom, grunt_ministairs_8
D:4:      minmay_distorted, uniq_blork_the_orc

Notes
Turn   | Place    | Note
--------------------------------------------------------------
     0 | D:1      | krae, the Octopode Transmuter, began the quest for the Orb.
     0 | D:1      | Reached XP level 1. HP: 13/13 MP: 3/3
   245 | D:1      | Reached XP level 2. HP: 18/18 MP: 5/5
   927 | D:1      | Reached XP level 3. HP: 23/23 MP: 6/6
  1038 | D:2      | Learned a level 2 spell: Sticks to Snakes
  1189 | D:2      | Reached skill level 4 in Unarmed Combat
  1374 | D:2      | Reached XP level 4. HP: 15/28 MP: 7/7
  1383 | D:2      | Reached skill level 3 in Transmutations
  2062 | D:3      | Noticed Somebody's ghost (average NaTm)
  2372 | D:4      | Mangled by a gnoll

Vanquished Creatures
  2 adders (D:2)
  2 gnolls (D:2)
  A worm (D:2)
  4 giant geckos
  An orc (D:3)
  2 ball pythons
  4 giant cockroaches
  10 goblins
  2 hobgoblins (D:1)
  A quokka (D:3)
  6 bats
  A giant newt (D:2)
  3 jackals (D:2)
  5 kobolds
  8 rats
  A plant (D:1)
53 creatures vanquished.
